Cogmind - Beta 17.1 @@@ ROGUE MODE // 2026.09.12 @ 15:22:24 Player: Figgis Result: Destroyed by CW-ZX9(R) with Subdweller Laser Performance ------------- Evolutions (0) 0 Regions Visited (2) 400 Robots Destroyed (23) 115 Value Destroyed (693) 693 Prototype IDs (1) 20 Alien Tech Used (0) 0 Bonus (5350) 5350 TOTAL SCORE: 6578 Bonus ------- Prayed to X0-1V1 5000 Major X0-1V1 Interference 350 Cogmind --------- Core Integrity 0/250 Matter 139/300 Energy 71/100 System Corruption 15% Temperature Cool (6) Movement Core (250) Ox4 Location -10/Subcaves Parts ------- > --- POWER (1) -------- (None) > --- PROPULSION (2) --- (None) > --- UTILITY (2) ------ Medium Storage Unit X0-1V1's Piety Tracker > --- WEAPON (2) ------- Beam Cannon > --- INVENTORY (10) --- Ion Engine Subdweller Power Source Light Treads Aluminum Leg Disposable Heat Sink Grenade Launcher Mining Claw Peak State ------------ > --- POWER ------------ Light Nuclear Core > --- PROPULSION ------- Aluminum Leg Aluminum Leg > --- UTILITY ---------- Medium Storage Unit X0-1V1's Piety Tracker > --- WEAPON ----------- Light Assault Rifle Barrage Gun > --- INVENTORY -------- Ion Engine Subdweller Power Source Light Treads Aluminum Leg Disposable Heat Sink Beam Cannon Light Assault Rifle Grenade Launcher Mining Claw [Rating: 24] Favorites ----------- Power Ion Engine Engine Ion Engine Power Core Light Nuclear Core Propulsion Light Treads Treads Light Treads Leg Aluminum Leg Utility Medium Storage Unit Device Terrain Scanner Storage Medium Storage Unit Weapon Light Assault Rifle Energy Cannon Beam Cannon Ballistic Gun Light Assault Rifle Launcher Grenade Launcher Slashing Weapon Mining Claw Build | -11 -10 -10 ------- Run | Yrd Mat Sub Slots Evolved . | . . . Power . | . . . Propulsion . | . . . Utility . | . . . Weapon . | . . . Parts Attached 21 | 3 13 5 Power 3 | . 3 . Engine 2 | . 2 . Core 1 | . 1 . Reactor . | . . . Propulsion 5 | 2 3 . Treads 3 | 2 1 . Leg 2 | . 2 . Wheel . | . . . Hover . | . . . Flight . | . . . Utility 5 | . 4 1 Device 3 | . 2 1 Storage 2 | . 2 . Processor . | . . . Hackware . | . . . Protection . | . . . Artifact . | . . . Weapon 8 | 1 3 4 Energy Gun . | . . . Energy Cannon 1 | . . 1 Ballistic Gun 5 | 1 3 1 Ballistic Cannon . | . . . Launcher 1 | . . 1 Special Weapon . | . . . Impact Weapon . | . . . Slashing Weapon 1 | . . 1 Piercing Weapon . | . . . Special Melee Weapon . | . . . Unidentified Prototypes 1 | . 1 . Parts Lost 12 | . 5 7 Power 2 | . 1 1 Propulsion 4 | . 2 2 Utility 2 | . 1 1 Weapon 4 | . 1 3 Highest Loss Streak 6 | . 2 6 To Critical Strikes . | . . . Average Backups 5 | 2 4 7 Power . | . . 1 Propulsion . | . . 2 Utility . | . . . Weapon 2 | 1 2 3 Tool/Special . | . . . Unused Backups 5 | . 2 3 Power 1 | . . 1 Propulsion 2 | . 1 1 Utility 1 | . . 1 Weapon 1 | . 1 . Tool/Special . | . . . Average Slot Usage (%) 92 | . 91 95 Engine 11 | . 13 . Core 2 | . . 12 Treads 19 | . 24 . Leg 7 | . 3 27 Device 8 | . 8 11 Storage 12 | . 12 14 Ballistic Gun 27 | . 27 23 Peak Build Rating 24 | 3 21 24 Average Rating 8 | 1 6 20 On Entrance 8 | . 3 21 Avg Prop Armor Cover (%) 27 | 27 . . Naked Turns . | . . . Heaviest Build 20 | 2 19 20 Greatest Support 40 | 3 40 20 Greatest Overweight (x) . | . . . Average Overweight (x) . | . . . Largest Inventory Capacity 10 | 5 10 10 Average Capacity 9 | 5 9 10 Most Carried 10 | 5 7 10 Average Carried 5 | 3 4 7 Final Capacity 10 | 5 10 10 Final Carried 7 | 5 6 7 Class Distribution -------------------- 75% | Mutant 24% | Scavenger-Mutant Dominant Class ---------------- Mutant | -10/Materials Scavenger-Mutant | -10/Subcaves Resources | -11 -10 -10 ----------- Run | Yrd Mat Sub Matter Collected 668 | 205 408 55 Remotely . | . . . Salvage Created 800 | . 670 130 Parts 50 | . 41 9 Haulers Intercepted 1 | . 1 . Recyclers Shooed 1 | . 1 . Parts Field Recycled . | . . . Retrieved Matter . | . . . Parts Self-Destructed 11 | . . 11 Prevented . | . . . Parts Restored . | . . . Kills | -11 -10 -10 ------- Run | Yrd Mat Sub Combat Hostiles Destroyed 20 | . 15 5 Guns 17 | . 15 2 Cannons 1 | . . 1 AOE 2 | . . 2 Classes Destroyed 5 | . 4 1 Hauler 1 | . 1 . Watcher 2 | . 2 . Swarmer 3 | . 3 . Grunt 15 | . 12 3 Subdweller 2 | . . 2 Best Kill Streak 4 | . 4 3 Combat Bots Only 3 | . 3 3 Max Kills in Single Turn 2 | . 2 1 Gunslinging . | . . . Exploded 1 | . . 1 Melee . | . . . Uniques/NPCs Destroyed . | . . . Combat | -11 -10 -10 -------- Run | Yrd Mat Sub Hostile Shots Fired 138 | . 87 51 Missed 25 | . 17 8 Hits 113 | . 70 43 Projectile 113 | . 70 43 Damage Taken 1639 | . 884 755 Core 272 | . 121 151 Absorbed by Shields . | . . . Core Remaining (%) 100 | 100 . . Volleys Fired 97 | . 74 23 Largest 2 | . 2 2 Hottest 80 | . 40 80 Shots Fired 187 | . 148 39 Gun 177 | . 148 29 Cannon 5 | . . 5 Launcher 5 | . . 5 Special . | . . . Kinetic 177 | . 148 29 Thermal 5 | . . 5 Explosive 5 | . . 5 Electromagnetic . | . . . Robot Hit Streak 13 | . 13 13 Robot Miss Streak 6 | . 6 2 Penetration Max . | . . . Secondary Targets 1 | . 1 . Max Gunslinging Chain 1 | . 1 . Shots Hit Robots 123 | . 93 30 Core Hits 56 | . 43 13 Critical Kills . | . . . Critical Parts Destroyed 1 | . 1 . Critical Strikes 1 | . 1 . Destroy 1 | . 1 . Melee Attacks 1 | . . 1 Impact . | . . . Slashing 1 | . . 1 Piercing . | . . . Sneak Attacks . | . . . Combat Hostiles . | . . . Follow-up Attacks . | . . . Damage Inflicted 1642 | . 998 644 Guns 1268 | . 998 270 Cannons 133 | . . 133 Explosions 241 | . . 241 Melee . | . . . Ramming . | . . . Kinetic 1333 | . 998 335 Thermal 68 | . . 68 Explosive 241 | . . 241 Electromagnetic . | . . . Impact . | . . . Slashing . | . . . Piercing . | . . . Highest Corruption 15 | . 3 15 Average Corruption 3 | . 2 8 Corruption Purged . | . . . Corruption Blocked . | . . . Effects 19 | . 8 11 Message Errors 5 | . 1 4 Matter Fused 3 | . 2 1 Heat Flow Errors 2 | . 2 . Energy Discharges 1 | . 1 . Parts Fused 1 | . . 1 Data Loss (minor) 3 | . 1 2 Data Loss (major) 1 | . . 1 Misfires 1 | . 1 . Weapon Failures 2 | . . 2 Overload Shots . | . . . Overflow Damage 5 | . . 5 Projectiles 5 | . . 5 Explosions . | . . . Melee . | . . . Knockbacks 1 | . . 1 Impact . | . . . Kinetic 1 | . . 1 Secondary . | . . . Self-Inflicted Damage . | . . . Shots . | . . . Rammed . | . . . Targets Rammed . | . . . Kicked . | . . . Crushed . | . . . Highest Temperature 156 | . 156 28 Average Temperature 22 | . 24 12 Received Heat Transfer 612 | . 414 198 Siege Activations . | . . . Martial Activations . | . . . Shielding Activations . | . . . Robots Disrupted . | . . . Combat Hostiles . | . . . Robots Corrupted . | . . . Combat Hostiles . | . . . Parts Fried . | . . . Impact Corruptions . | . . . Robots Melted . | . . . Combat Hostiles . | . . . Parts Melted . | . . . Heat Transferred 148 | . . 148 Parts Sabotaged . | . . . Parts Stolen . | . . . Parts Stripped . | . . . Power Chain Reactions . | . . . Alert | -11 -10 -10 ------- Run | Yrd Mat Sub Maximum Alert Level . | . . . Low Security (%) 100 | 100 100 . Level 1 . | . . . Level 2 . | . . . Level 3 . | . . . Level 4 . | . . . Level 5 . | . . . High Security . | . . . Max Security . | . . . Peak Influence 87 | . 87 . Initial . | . . . Average 27 | . 27 . Influence Increases 478 | . 418 60 Destroy 0b10 Robot/C 360 | . 300 60 Destroy 0b10 Robot/NC 15 | . 15 . Destroy Leader 76 | . 76 . Successful Hack 27 | . 27 . Influence Decreases 478 | . 414 64 Entered New Map 3 | . . 3 Time Decay 422 | . 371 51 Lost Part 24 | . 14 10 Purge Threat 29 | . 29 . Squads Dispatched 3 | . 3 . Investigation . | . . . Extermination . | . . . Reinforcement 3 | . 3 . Assault . | . . . Garrison . | . . . Intercept . | . . . Searches Triggered . | . . . Construction Impeded . | . . . Haulers Reinforced . | . . . Active Scanning Responses . | . . . Cargo Convoy Interrupts . | . . . Stealth | -11 -10 -10 --------- Run | Yrd Mat Sub Distress Signals 3 | . 3 . Communications Jammed . | . . . Distress Signals . | . . . Times Spotted 27 | . 20 7 Peak Tracking Total 4 | . 4 3 Tactical Retreats . | . . . Traps | -11 -10 -10 ------- Run | Yrd Mat Sub Traps Triggered 4 | . 4 . Indirectly . | . . . Trap Hack Attempts . | . . . Triggered . | . . . Disarmed . | . . . Reprogrammed . | . . . Reused . | . . . Traps Extracted . | . . . Installed . | . . . Triggered . | . . . Machines | -11 -10 -10 ---------- Run | Yrd Mat Sub Machines Disabled . | . . . Max in Single Turn . | . . . Machines Repaired . | . . . Machines Dismantled . | . . . Machines Sabotaged . | . . . Overloaded Fab Kills . | . . . Hacking | -11 -10 -10 --------- Run | Yrd Mat Sub Machines Accessed 6 | . 6 . Terminals 5 | . 5 . Fabricators . | . . . Repair Stations 1 | . 1 . Recycling Units . | . . . Scanalyzers . | . . . Garrison Access . | . . . Total Hacks 21 | . 21 . Successful 9 | . 9 . Failed 12 | . 12 . Catastrophic . | . . . Database Lockouts . | . . . Manual 2 | . 2 . Terminals 18 | . 18 . Fabricators . | . . . Repair Stations 3 | . 3 . Recycling Units . | . . . Scanalyzers . | . . . Garrison Access . | . . . Terminal Hacks 8 | . 8 . Terminal Index 1 | . 1 . Alert Level 1 | . 1 . Unreport Threat 1 | . 1 . Maintenance Status 1 | . 1 . Transport Status 1 | . 1 . Recall Investigation 1 | . 1 . Hauler Manifests 1 | . 1 . Registered Components 1 | . 1 . Fabricator Hacks . | . . . Repair Station Hacks 1 | . 1 . Scan Component 1 | . 1 . Recycling Unit Hacks . | . . . Scanalyzer . | . . . Garrison Access Hacks . | . . . Unauthorized Hacks . | . . . Terminals . | . . . Fabricators . | . . . Repair Stations . | . . . Recycling Units . | . . . Scanalyzers . | . . . Garrison Access . | . . . Data Cores Recovered . | . . . Used . | . . . Hacking Detections 5 | . 5 . Full Trace Events . | . . . Feedback Events . | . . . Feedback Blocked . | . . . Robot Schematics Acquired . | . . . Robots Built . | . . . Authchips . | . . . Time . | . . . Total Robot Build Rating . | . . . Part Schematics Acquired . | . . . Parts Built . | . . . Authchips . | . . . Time . | . . . Total Part Build Rating . | . . . Part Studies Acquired . | . . . Parts Repaired . | . . . Time . | . . . Parts Recycled . | . . . Recycled Matter . | . . . Retrieved Matter . | . . . Retrieved Components . | . . . Parts Scanalyzed . | . . . Part Schematics Acquired . | . . . Parts Damaged . | . . . Bothacking | -11 -10 -10 ------------ Run | Yrd Mat Sub Used RIF Installer . | . . . Robots Hacked . | . . . Non-combat . | . . . Combat . | . . . Robot Hacks Applied . | . . . Relay Couplers Released . | . . . Fabnet Peak Effective % . | . . . Robots Rewired . | . . . Allies Hacked . | . . . Hacks Repelled . | . . . Allies | -11 -10 -10 -------- Run | Yrd Mat Sub Total Allies . | . . . Largest Group . | . . . Highest-Rated Group . | . . . Highest-Rated Ally . | . . . Total Orders . | . . . Ally Attacks . | . . . Total Damage . | . . . Kills . | . . . Allies Corrupted . | . . . Allies Melted . | . . . X0-1V1 Amusement Gains 15 | . 5 10 Average Entertainment 7 | . 5 7 Good Acts 1 | . . 1 Bad Acts 5 | . . 5 Intel | -11 -10 -10 ------- Run | Yrd Mat Sub Active Infowar (turns) 711 | . 711 . Terrain 711 | . 711 . Robot Analysis Total . | . . . Derelict Logs Recovered . | . . . Drone Launches . | . . . Drone Recoveries . | . . . Exploration | -11 -10 -10 ------------- Run | Yrd Mat Sub Turns Passed 1502 | 30 1213 259 Spaces Moved 797 | 41 603 153 Core 46 | 41 5 . Treads 488 | . 488 . Legs 263 | . 110 153 Wheels . | . . . Hover . | . . . Flight . | . . . Fastest Speed 50 | 50 50 120 Average Speed 140 | 50 151 120 Slowest Speed 160 | 50 160 120 Overloaded Moves . | . . . Propulsion Burnouts . | . . . Robots Hopped . | . . . Potential Cave-ins . | . . . Cave-ins Triggered . | . . . Exploration Rate (%) 33 | 3 88 10 Regions Visited 2 Branch Regions 1 Pre-discovered Areas . | . . . Known Exits Taken . | . . . Unknown Exits Taken 2 | 1 1 . Scrap Searched . | . . . Spaces Dug . | . . . Terrain Destroyed 17 | . . 17 Melee . | . . . Projectile . | . . . AOE 17 | . . 17 Terrain Rammed . | . . . Walls Destroyed . | . . . Machines Disabled . | . . . Actions | -11 -10 -10 --------- Run | Yrd Mat Sub Total 1006 | 49 768 189 Wait 60 | . 60 . Move 795 | 40 602 153 Hop . | . . . Pick Up 24 | 6 14 4 Fast Attach 2 | 2 . . Attach 13 | 1 9 3 Detach . | . . . Swap 10 | . 5 5 Drop 4 | . 4 . Fire 97 | . 74 23 Melee 1 | . . 1 Ram . | . . . Kick . | . . . Crush . | . . . Escape Stasis . | . . . Rewire . | . . . Trap . | . . . Miscellaneous . | . . . Route ------- -11/Scrapyard -10/Materials (discovered 4 exits: [*Mat x3] / [*Sub]) -10/Subcaves History --------- Turn | Location | Event 16 | -11/Scrapyard | Discovered new exit (range 15) 31 | -11/Scrapyard | Entered Materials 308 | -10/Materials | Build established: Mutant 510 | -10/Materials | Discovered new exit (range 4) 594 | -10/Materials | Discovered new exit (range 10) 1128 | -10/Materials | Discovered new exit (range 8) 1235 | -10/Materials | Discovered new exit (range 4) 1236 | -10/Materials | Prayed at D.C.S.S. Altar Unit 1244 | -10/Materials | Entered Subcaves 1245 | -10/Subcaves | Approached by a straggling Scientist 1301 | -10/Subcaves | X0-1V1 sent hostile G-34 Mercenary (x3) 1304 | -10/Subcaves | Core integrity fell below 50% 1338 | -10/Subcaves | Shifting Twisted Machinery released Unknown Ballistic Gun 1362 | -10/Subcaves | Shifting Twisted Machinery released Sub. Optics 1388 | -10/Subcaves | Build established: Scavenger-Mutant 1390 | -10/Subcaves | System corruption reached 10% 1488 | -10/Subcaves | Core integrity fell below 20% 1503 | -10/Subcaves | Destroyed by CW-ZX9(R) with Subdweller Laser Last Messages --------------- 01450_ X0-1V1: "Use it or lose it, I always say." 01450_ Aluminum Leg fused. 01454_ OTE,PSC%CHMA>%1BP FZST 01473_ System corrupted: Substantial component data lost. 01482_ System corrupted: Lgt. Assault Rifle jammed. 01484_ Lgt. Nuclear Core destroyed. 01486_ Lgt. Assault Rifle destroyed. 01487_ JQ-EK6(R) destroyed. 01491_ Barrage Gun destroyed. 01492_ X0-1V1: "Your inner air conditioner seems to have fallen into disrepair." (-19 heat dissipation) 01495_ Lgt. Assault Rifle destroyed. 01497_ System corrupted: Matter fused (-9). 01497_ Subatomizers dissect the Sub. Monowheel. 01498_ Aluminum Leg destroyed. 01498_ System corrupted: Beam Cannon failed to cycle. 0J-9HY(c): "I think it's somewhere southeast of here" 01500_ Aluminum Leg destroyed. 01501_ Heat dissipation returns to normal. 01503_ X0-1V1 giggles madly! Map ----- +----------------------------------------------------+ | ?????????????????????????????????????????????????? | | ?????????????????????????????????????????????????? | | ?????????????????????????????????????????????????? | | ?????????????????????????????????????????????????? | | ?????????????????????????????????????????????????? | | ?????????????????????????????????????????????????? | | ?????????????????????????????????????????????????? | | ?????????????????????????????????????????????????? | | ?????????????????????????????????????????????????? | | ?????????????????????????????????????????????????? | | ?????????????????????????????????????????????????? | | ?????????????????????????????????????????????????? | | ?????????????????????????????????????????????????? | | ?????????????????????????????????????????????????? | | ?????????????????????????????????????????????????? | | ?????????????????????????????????????????????????? | | ??????????????????? ?????????????????????????????? | | ????????????????? # ????????????????????????????? | | ??????????????????# ????????????????????????????? | | ?????????????????? #""?####??????????????????????? | | ??????????????????""" ## "#??????????????????????? | | ?????????????????""" " #??????????????????????? | | ????????????????? " " #??????????????????????? | | ??????????????????????#""=#??????????????????????? | | ??????????????????????# R%##?????????????????????? | | ??????????????????????##R@"#?????????????????????? | | ????????????????????### " ##?????????????????????? | | ???????????????????##" #"" #?????????????????????? | | ???????????????????#"" " #?????????????????????? | | ???????????????????#" "##?????????????????????? | | ???????????????????## c ##??????????????????????? | | ??????????? ???####?# #???????????????????????? | | ??????????? ??##"""## #???????????????????????? | | ??????????? ??# "" #???????????????????????? | | ?????????## """ " #???????????????????????? | | ???????### ??"" " """ ##???????????????????????? | | ??????## ??#"### " #????????????????????????? | | ?????## #??#??## ###??????????????????????? | | ?????? ##????# #??????????????????????? | | ??????# ##??## #??????????????????????? | | ??????? #??# #??????????????????????? | | ##?????? ##?##### ####???????????????????? | | ##?????# #????## ##??????????????????? | | ###??## #????## #??????????????????? | | #??# #?###?# ###??????????????????? | | #?### ### ### ##????????????????????? | | ##?# %= ##?????????????????????? | | ##??## ####??????????????????????? | | ####### ##?????????????????????????? | | # ## ""#??????????????????????????? | +----------------------------------------------------+ Best States ------------- Heat Dissipation 25 Energy Generation 14 Energy Capacity 250 Matter Stores 300 Matter Capacity 300 Sight Range 16 Terrain Scan Range 14 Terrain Scan Density 10 Evasion (%) 55 Recoil Reduction 2 Item Schematics ----------------- None Robot Schematics ------------------ None Fabricated ------------ Nothing Repaired ---------- Nothing Studied --------- None Alien Tech Used ----------------- None Achievements -------------- None Challenges ------------ None Game ------ Seed SubatomicGuidanceHammer Manual? 0 Play Time 00:12:27 Cumulative 219.3 hours Start 2026.09.12 @ 15:11:10 End 2026.09.12 @ 15:22:24 Sessions 1 Manual Loads 0 Difficulty Rogue Special Mode None Game No. 347 Rogue 344 Adventurer 3 Explorer 0 Win Type - Total 1 Types 1/0/0/0/0/0/0/0/0/0 Lore% 67 Gallery% 57 Achievement% 33 Wizard Run 0 Options --------- Layout 0 ASCII 0 Keyboard 0 Movement Mouse Keybinds 0 Fullscreen 2 Font 18/SmallcapsGlow Map View 76x50 Zoom Use 0% Tactical HUD 1 Map Filters NONE Filters NONE Steam 1 RUN: 33b9353d-581b-4196-91da-899f18cac805